 Dungeon Crawl Stone Soup version 0.16.2-2-g470672f (webtiles) character file.

65716 dvd the Peltast (level 14, -5/124 HPs)
             Began as a Minotaur Fighter on Aug 29, 2015.
             Was the Champion of Ru.
             Succumbed to a sea snake's poison
             ... on level 3 of the Shoals.
             The game lasted 04:01:58 (26894 turns).

dvd the Peltast (Minotaur Fighter)                 Turns: 26894, Time: 04:01:58

Health: -5/124     AC: 22    Str: 29    XL:     14   Next: 76%
Magic:  14/14      EV: 14    Int:  5    God:    Ru [******]
Gold:   1256       SH: 17    Dex: 12    Spells: 0 memorised, 13 levels left

rFire  . . .     SeeInvis .     I - +9 long sword "Kudaw" {flame, MR+ Str+2}
rCold  + . .     Clarity  .     h - +0 chain mail {rC+}
rNeg   . . .     SustAb   .     c - +3 shield
rPois  .         Gourm    .     k - +1 hat
rElec  .         Spirit   .     Q - +0 cloak
rCorr  .         Warding  .     W - +2 pair of gloves {Str+3}
rMut   .         Stasis   .     L - +0 pair of boots
MR     ++...                    (no amulet)
Stlth  ..........               t - ring of magical power
                                D - +2 ring of protection

@: lethally poisoned (-5 -> -103), no scrolls, heavily drained, very resistant
to hostile enchantments, extremely unstealthy
A: retaliatory headbutt, horns 2, repulsion field 1, molten scales 1, breathe
flames 1, inability to read while threatened, no stealth, inability to use
devices, hated by all, no air magic, no hexes magic, no translocations magic
a: Draw Out Power, Power Leap, Apocalypse, Renounce Religion, Breathe Fire


You were on level 3 of the Shoals.
You worshipped Ru.
Ru was exalted by your worship.
You were very hungry.

You visited 5 branches of the dungeon, and saw 23 of its levels.

You collected 1256 gold pieces.

Inventory:

Hand weapons
 g - a +0 trident
 o - a +0 lajatang
 u - a +0 trident
 v - a +2 trident of protection
 z - a +3 flail of freezing
 A - a +2 mace of protection
 E - a +0 eveningstar
 G - a +4 trident of protection
 I - the +9 long sword "Kudaw" (weapon) {flame, MR+ Str+2}
   (You found it on level 4 of the Lair of Beasts)

   It has been specially enchanted to burn those struck by it, causing extra
   injury to most foes and up to half again as much damage against particularly
   susceptible opponents.
   Big, fiery blades are also staple armaments of hydra-hunters.
   It affects your strength (+2).
   It affects your resistance to hostile enchantments.
 S - the +5 shortbow of Sudden Death {flame, rC+ Str-4 Int+3 Dex+2, unknown}
   (You took it off a red devil on level 8 of the Lair of Beasts)

   It causes projectiles fired from it to burn those they strike, causing extra
   injury to most foes and up to half again as much damage against particularly
   susceptible opponents.
   It affects your strength (-4).
   It affects your intelligence (+3).
   It affects your dexterity (+2).
   It protects you from cold.
 V - a +2 short sword of venom
Missiles
 w - 23 tomahawks (quivered)
 T - a javelin
Armour
 b - a +0 pair of boots
 c - a +3 shield (worn)
 h - a +0 chain mail of cold resistance (worn)
 j - a +0 cloak
 k - a +1 hat (worn)
 J - a +1 ring mail of magic resistance
 L - a +0 pair of boots (worn)
 N - a +2 pair of gloves of dexterity
 Q - a +0 cloak (worn)
 W - a +2 pair of gloves of strength (worn)
Magical staves
 H - an uncursed staff of air
 K - an uncursed staff of wizardry
Jewellery
 r - an uncursed ring of fire
 t - a ring of magical power (right hand)
 y - the amulet "Breintos" {Stasis rElec rC- Slay+3}
   (You found it on level 8 of the Lair of Beasts)

   [amulet of stasis]

   It prevents you from being teleported, slowed, hasted or paralysed.
   It affects your accuracy and damage with ranged weapons and melee attacks
   (+3).
   It makes you vulnerable to cold.
   It insulates you from electricity.
 D - a +2 ring of protection (left hand)
 P - an uncursed amulet of faith
 R - a +5 ring of intelligence {unknown}
Scrolls
 f - a scroll of magic mapping
 m - 2 scrolls of blinking
 p - 4 scrolls of teleportation
 q - 6 scrolls of identify
 B - 4 scrolls of amnesia
 O - a scroll of fog
 U - 3 scrolls of silence
Potions
 F - 2 potions of brilliance
 M - a potion of magic
Books
 a - a Grand Grimoire {highlevel}

   This book is beyond your current level of understanding.

   Spells                             Type                      Level
   a - Aura of Abjuration             Summoning                    6
   b - Summon Greater Demon           Summoning                    7
   c - Malign Gateway                 Summoning/Translocation      7
   d - Summon Horrible Things         Summoning                    8
 n - a book of Callings

   Spells                             Type                      Level
   a - Summon Small Mammal            Summoning                    1
   b - Call Imp                       Summoning                    2
   c - Call Canine Familiar           Summoning                    3
   d - Summon Guardian Golem          Hexes/Summoning              4
   e - Summon Lightning Spire         Summoning/Air                4
   f - Summon Ice Beast               Ice/Summoning                4
Comestibles
 d - 11 bread rations
 i - 3 slices of pizza
 l - 6 meat rations
 s - 5 beef jerkies
 x - 7 fruits
 C - 2 royal jellies


   Skills:
 + Level 11.5(9.3) Fighting
 + Level 9.3(7.2) Long Blades
 + Level 5.1(3.3) Maces & Flails
 + Level 9.7(7.6) Polearms
 + Level 10.6(8.5) Throwing
 + Level 12.9(10.6) Armour
 + Level 9.1(7.1) Dodging
 + Level 16.0(13.5) Shields


You had 13 spell levels left.
You didn't know any spells.

Dungeon Overview and Level Annotations

Branches:
Dungeon (10/15)            Temple (1/1) D:4            Lair (8/8) D:9
 Shoals (3/5) Lair:6       Spider (1/5) Lair:5        Slime (0/6) Lair:6
    Orc (0/4) D:10

Altars:
Ashenzari
Cheibriados
Dithmenos
Elyvilon
Fedhas
Gozag
Kikubaaqudgha
Makhleb
Nemelex Xobeh
Okawaru
Qazlal
Ru
Sif Muna
Trog
Vehumet
Xom
Yredelemnul
Zin
The Shining One
Jiyva

Shops:
D:5 !

Portals:
Hell: Lair:8

Annotations:
Shoals:3 Mara


Innate Abilities, Weirdness & Mutations

You reflexively headbutt those who attack you in melee.
You have a pair of horns on your head.
You cannot read scrolls while threatened.
You cannot be stealthy.
You cannot study or use magical devices.
You are hated by all.
You cannot study or cast Air magic.
You cannot study or cast Hexes magic.
You cannot study or cast Translocations magic.
You are surrounded by a mild repulsion field (EV +2).
You are partially covered in molten scales (AC +1).
You can breathe flames.


Message History

The sea snake is stunned by your will and fails to attack.
Unknown command.
Drink which item? (? for menu, Esc to quit)
You feel much better.
You feel less exhausted.
* * * LOW HITPOINT WARNING * * *
You feel extremely sick.
The sea snake is no longer blind.
The sea snake is stunned by your will and fails to attack.
You block the sea snake's attack.
You are feeling very hungry.
You closely miss the sea snake.
The sea snake is heavily wounded.
* * * LOW HITPOINT WARNING * * *
You feel extremely sick.
The sea snake is no longer moving slowly.
You block the sea snake's attack.
You closely miss the sea snake. You headbutt the sea snake.
The sea snake is severely wounded.
You die...

PP≈≈≈≈≈≈≈≈≈≈≈≈≈≈≈...≈
≈≈≈≈≈≈≈≈≈≈≈≈≈≈≈≈≈≈≈
≈≈≈≈≈≈≈≈≈≈≈≈≈≈≈≈≈
≈≈≈≈≈≈≈≈≈≈≈≈≈
≈≈≈≈≈≈≈≈≈≈≈≈≈≈≈
≈≈≈≈≈≈≈≈≈≈≈≈≈≈≈
≈≈≈≈≈≈≈≈≈≈≈≈≈≈≈
≈≈≈≈≈≈≈≈.≈≈≈≈≈≈≈≈
≈≈≈≈≈≈≈≈@≈≈≈≈≈≈≈≈
≈≈≈≈≈≈≈≈†S≈≈≈≈≈≈≈
≈≈≈≈≈≈≈≈≈≈≈≈≈≈≈≈≈
≈≈≈≈≈≈≈≈≈≈≈≈≈≈...
≈≈≈≈≈≈≈≈≈≈≈≈..#
≈≈≈≈≈≈≈≈≈..≈..#
≈≈≈≈≈≈≈≈≈.≈≈≈..
≈≈≈≈≈≈≈.≈≈≈≈≈
≈≈≈≈≈≈≈≈≈≈≈


You could see a sea snake.

Vanquished Creatures
  Gastronok (Lair:2)
  A reaper (Lair:7)
  A dire elephant (Lair:8)
  A merfolk impaler (Shoals:2)
  4 hydras
  A merfolk aquamancer (Shoals:1)
  2 merfolk avatars (Shoals:2)
  A death yak (Lair:8)
  7 sea snakes
  A wizard (Lair:8)
  Pikel (D:8)
  A hill giant (D:10)
  12 harpies
  4 water nymphs
  8 fauns (Shoals:2)
  A sixfirhy (Lair:8)
  A wolf spider (Spider:1)
  4 manticores
  12 elephants
  3 griffons
  A siren (Shoals:2)
  A drowned soul (Shoals:2)
  5 orange demons (Lair:8)
  A queen ant (Lair:3)
  3 torpor snails (Lair:8)
  3 black mambas
  A smoke demon (Lair:8)
  6 spiny frogs
  2 fire drakes
  7 komodo dragons
  3 red devils (Lair:8)
  11 merfolk
  A polar bear (Lair:6)
  2 boulder beetles
  11 blink frogs
  6 snapping turtles
  A tarantella (Lair:5)
  A basilisk (Lair:5)
  A redback (Lair:5)
  10 yaks
  3 water elementals
  Eustachio (D:8)
  A spriggan (D:10)
  16 hippogriffs
  Edmund (D:7)
  7 wolves
  15 porcupines
  A hell hound (Lair:8)
  20 soldier ants (Lair:3)
  An ice beast (D:8)
  7 water moccasins
  A black bear (D:8)
  4 slaves (D:8)
  2 orc warriors
  3 phantoms
  4 ogres
  3 sky beasts
  A wasp (D:9)
  8 centaurs
  A necrophage (D:5)
  13 crocodiles
  A big kobold (D:8)
  4 boring beetles
  13 giant frogs
  A gnoll sergeant (D:10)
  Blork the orc (D:8)
  6 killer bees (D:8)
  A scorpion (Lair:5)
  10 wights
  4 goliath beetles
  3 electric eels (Lair:1)
  8 hounds
  3 crimson imps
  A centaur zombie (D:7)
  4 jellies
  3 orc priests
  A giant frog zombie (D:6)
  13 orc wizards
  A centaur skeleton (D:7)
  10 iguanas
  20 worker ants
  23 sheep
  A hound skeleton (D:10)
  2 hound zombies
  A worker ant zombie (D:8)
  A mummy (D:9)
  24 adders
  15 gnolls
  39 river rats
  4 worms
  49 orcs
  A bat skeleton (D:5)
  6 giant cockroaches
  7 goblins
  10 hobgoblins
  22 jackals
  16 kobolds
  4 oozes
  11 quokkas
  A ball python (D:1)
  25 bats
  6 giant geckos
  5 giant newts
  35 rats
  8 fungi
  29 plants
710 creatures vanquished.

Vanquished Creatures (others)
  Snorg (Lair:4)
  A hydra (Lair:8)
  A sun demon (Lair:8)
  A harpy (Shoals:1)
  A manticore (Shoals:2)
  A torpor snail (Lair:8)
  A drowned soul (Shoals:2)
  2 black mambas
  A spiny frog (Lair:1)
  A red devil (Lair:8)
  A yak (Lair:4)
  A wolf (Lair:3)
  A water moccasin (Lair:1)
  A giant frog (Lair:4)
  An orc wizard (D:8)
  A river rat (Lair:1)
  A giant newt (D:6)
  A giant spore (D:8)
  23 fungi
  6 plants
48 creatures vanquished.

Grand Total: 758 creatures vanquished

Notes
Turn   | Place    | Note
--------------------------------------------------------------
     0 | D:1      | dvd, the Minotaur Fighter, began the quest for the Orb.
     0 | D:1      | Reached XP level 1. HP: 19/19 MP: 1/1
    81 | D:1      | Reached XP level 2. HP: 22/27 MP: 1/1
   162 | D:1      | Reached skill level 4 in Shields
   601 | D:2      | Reached XP level 3. HP: 31/33 MP: 2/2
   722 | D:2      | Found a bloodstained altar of Trog.
  1150 | D:2      | Reached XP level 4. HP: 33/40 MP: 2/2
  1317 | D:2      | Reached skill level 1 in Dodging
  1329 | D:2      | Reached skill level 1 in Throwing
  1789 | D:3      | Found a white marble altar of Elyvilon.
  1792 | D:3      | Found a sacrificial altar of Ru.
  1850 | D:3      | Reached XP level 5. HP: 47/47 MP: 2/2
  2036 | D:3      | Became a worshipper of Ru the Awakened
  2539 | D:3      | Reached skill level 5 in Shields
  2799 | D:4      | Reached XP level 6. HP: 38/53 MP: 3/3
  3152 | D:4      | Found a staircase to the Ecumenical Temple.
  3256 | Temple   | Entered the Ecumenical Temple
  3407 | D:4      | Noticed an ogre
  3413 | D:4      | Killed an ogre
  3724 | D:5      | Entered Level 5 of the Dungeon
  3740 | D:5      | Reached skill level 5 in Armour
  4092 | D:5      | Reached XP level 7. HP: 49/60 MP: 3/3
  4374 | D:5      | Gained mutation: You cannot study or cast Air magic. [Ru sacrifice]
  4374 | D:5      | Gained mutation: You cannot study or cast Hexes magic. [Ru sacrifice]
  4374 | D:5      | Gained mutation: You cannot study or cast Translocations magic. [Ru sacrifice]
  4374 | D:5      | Acquired Ru's first power
  4559 | D:5      | Found Chiynoloo's Distillery.
  5560 | D:5      | Reached skill level 6 in Shields
  6155 | D:5      | Reached skill level 5 in Fighting
  6326 | D:6      | Found a radiant altar of Vehumet.
  6344 | D:6      | Reached XP level 8. HP: 50/68 MP: 3/3
  7433 | D:6      | Found a staircase to the Ecumenical Temple.
  7543 | D:6      | Reached skill level 7 in Shields
  7917 | D:6      | Found a blossoming altar of Fedhas.
  7962 | D:7      | Reached skill level 5 in Maces & Flails
  7972 | D:7      | Noticed Edmund
  8009 | D:7      | Killed Edmund
  8009 | D:7      | Reached skill level 1 in Polearms
  8147 | D:6      | Reached XP level 9. HP: 53/75 MP: 4/4
  8160 | D:6      | Gained mutation: You are hated by all. [Ru sacrifice]
  8160 | D:6      | Acquired Ru's second power
  8418 | D:7      | Found a stormy altar of Qazlal.
  8455 | D:7      | Found a shadowy altar of Dithmenos.
  8457 | D:7      | Found a basalt altar of Yredelemnul.
  8478 | D:7      | Gained mutation: You are partially covered in molten scales (AC +1). [potion of mutation]
  8478 | D:7      | Gained mutation: You are surrounded by a mild repulsion field (EV +2). [potion of mutation]
  8478 | D:7      | Gained mutation: You can breathe flames. [potion of mutation]
  8519 | D:7      | Found a sand-covered staircase.
  8604 | D:7      | Reached skill level 1 in Stealth
  8668 | D:7      | Reached skill level 5 in Throwing
  8716 | D:7      | Reached skill level 8 in Shields
  9201 | D:8      | Reached skill level 5 in Dodging
  9310 | D:8      | Noticed Eustachio
  9334 | D:8      | Killed Eustachio
  9666 | D:8      | Reached skill level 9 in Shields
  9700 | D:8      | Noticed Pikel
  9729 | D:8      | Killed Pikel
  9729 | D:8      | Reached XP level 10. HP: 86/86 MP: 4/4
  9945 | D:8      | Noticed Blork the orc
  9956 | D:8      | Killed Blork the orc
 10232 | D:9      | Found a deep blue altar of Sif Muna.
 10273 | D:9      | Gained mutation: You cannot be stealthy. [Ru sacrifice]
 10384 | D:9      | Noticed an elephant
 10384 | D:9      | Reached skill level 5 in Polearms
 10409 | D:9      | Killed an elephant
 10418 | D:9      | Reached skill level 10 in Shields
 10591 | D:9      | Found a staircase to the Lair.
 11547 | D:10     | Entered Level 10 of the Dungeon
 11560 | D:10     | Found a staircase to the Orcish Mines.
 12137 | D:10     | Noticed a hill giant
 12149 | D:10     | Killed a hill giant
 12277 | D:10     | Gained mutation: You cannot read scrolls while threatened. [Ru sacrifice]
 12277 | D:10     | Acquired Ru's third power
 12277 | D:10     | Acquired Ru's fourth power
 12458 | Lair:1   | Entered Level 1 of the Lair of Beasts
 12947 | Lair:1   | Reached XP level 11. HP: 94/94 MP: 4/4
 13208 | Lair:1   | Reached skill level 11 in Shields
 13978 | Lair:2   | Noticed Gastronok
 14003 | Lair:2   | Killed Gastronok
 14012 | Lair:2   | Reached skill level 10 in Armour
 14133 | Lair:2   | Gained mutation: You cannot study or use magical devices. [Ru sacrifice]
 14133 | Lair:2   | Acquired Ru's fifth power
 14391 | Lair:2   | Reached skill level 12 in Shields
 15270 | Lair:3   | Reached XP level 12. HP: 102/104 MP: 5/5
 16681 | Lair:4   | Noticed an eight-headed hydra
 16689 | Lair:4   | Killed an eight-headed hydra
 16689 | Lair:4   | Reached skill level 13 in Shields
 16990 | Lair:4   | Got a twisted long sword
 17000 | Lair:4   | Identified the +9 long sword "Kudaw" {flame, MR+ Str+2} (You found it on level 4 of the Lair of Beasts)
 17034 | Lair:4   | Noticed Snorg
 17056 | Lair:4   | Killed Snorg
 18116 | Lair:5   | Identified a scroll of acquirement
 18144 | Lair:5   | Noticed a six-headed hydra
 18153 | Lair:5   | Killed a one-headed hydra
 18557 | Lair:5   | Reached skill level 10 in Fighting
 18557 | Lair:5   | Reached skill level 1 in Long Blades
 19131 | Lair:5   | Found a hole to the Spider Nest.
 19239 | Spider:1 | Entered Level 1 of the Spider Nest
 19628 | Lair:6   | Reached skill level 14 in Shields
 19681 | Lair:6   | Reached XP level 13. HP: 110/113 MP: 5/5
 19870 | Lair:6   | Found a staircase to the Shoals.
 20014 | Lair:6   | Found a runed door.
 20014 | Lair:6   | Found a viscous altar of Jiyva.
 20014 | Lair:6   | Found a staircase to the Slime Pits.
 20454 | Lair:7   | Noticed a reaper
 20472 | Lair:7   | Killed a reaper
 21323 | Lair:8   | Entered Level 8 of the Lair of Beasts
 21489 | Lair:8   | Got an ancient garnet amulet
 21491 | Lair:8   | Identified the amulet "Breintos" {Stasis rElec rC- Slay+3} (You found it on level 8 of the Lair of Beasts)
 21664 | Lair:8   | Found a snail-covered altar of Cheibriados.
 21669 | Lair:8   | Reached skill level 5 in Long Blades
 21978 | Lair:8   | Noticed a dire elephant
 21998 | Lair:8   | Killed a dire elephant
 22296 | Lair:8   | Found a burning altar of Makhleb.
 23234 | Lair:8   | Found a gateway to Hell.
 23295 | Lair:8   | Reached skill level 15 in Shields
 23324 | Lair:8   | Got an iridescent shortbow
 23740 | Shoals:1 | Entered Level 1 of the Shoals
 23911 | Shoals:1 | Reached XP level 14. HP: 47/122 MP: 5/5
 25595 | Shoals:2 | Reached skill level 10 in Throwing
 26836 | Shoals:3 | Noticed Mara
 26843 | Shoals:3 | Reached skill level 16 in Shields
 26844 | Shoals:3 | Noticed dvd's illusion
 26891 | Shoals:3 | HP: 1/124 [poisoned by a sea snake]
 26894 | Shoals:3 | Succumbed to a sea snake's poison

Action                   |  1- 3 |  4- 6 |  7- 9 | 10-12 | 13-15 || total
-------------------------+-------+-------+-------+-------+-------++-------
Melee: Flail             |    26 |   144 |   134 |    11 |       ||   315
       Mace              |    44 |    29 |    63 |       |       ||   136
       Trident           |       |       |   277 |   888 |       ||  1165
       Long sword        |       |       |       |   145 |   603 ||   748
Throw: Javelin           |    17 |    72 |    75 |    99 |    75 ||   338
       Tomahawk          |       |       |       |    44 |   107 ||   151
Invok: Sacrifice Arcana  |       |       |     1 |       |       ||     1
       Sacrifice Love    |       |       |     1 |       |       ||     1
       Sacrifice Words   |       |       |       |     1 |       ||     1
       Sacrifice Stealth |       |       |       |     1 |       ||     1
       Power Leap        |       |       |       |     2 |       ||     2
       Sacrifice Artific |       |       |       |     1 |       ||     1
       Apocalypse        |       |       |       |     1 |     4 ||     5
       Draw Out Power    |       |       |       |     1 |     2 ||     3
 Abil: Breathe Fire      |       |       |     2 |       |       ||     2
Evoke: Wand              |       |       |       |     2 |       ||     2
  Use: Scroll            |     5 |     4 |     6 |    11 |     8 ||    34
       Potion            |       |       |     9 |     5 |     7 ||    21
 Stab: Paralysed         |       |     1 |       |     4 |     6 ||    11
       Invisible         |       |       |       |     5 |     4 ||     9
       Distracted        |       |       |       |     2 |     3 ||     5
       Confused          |       |       |       |       |     1 ||     1
  Eat: Chunk             |     1 |     9 |    14 |    17 |     7 ||    48
       Meat ration       |       |       |     1 |     1 |     1 ||     3
       Bread ration      |       |       |       |     3 |     2 ||     5
